Unix NetHack Version 3.7.0-97 Work-in-progress - last build Jan 28 2024 04:41:54 (eae211b052f4c4d875b52ed558e44d2f93f0896c,branch:master). Game began 2024-01-28 10:06:58, ended 2024-01-28 10:54:42. elenmirie, lawful female human Knight ----- -------## ....| |...|.|# |...| |.{....######.<..| ------- |.....|# |...| +...o@[u |.....|# |...| |.u.o.|############......|# ----- ......|# |.....| -------# -+----- # Elenmirie the Esquire St:14 Dx:9 Co:12 In:8 Wi:18 Ch:18 Lawful Dlvl:6 $:17 HP:0(44) Pw:34(34) AC:0 Xp:5/220 T:3543 Burdened Latest messages: Arod drops an empty unlocked large box. Arod picks up an empty unlocked large box. Arod drops an empty unlocked large box. Arod picks up an empty unlocked large box. Arod drops an empty unlocked large box. You fall down the stairs. You swap places with Arod. This door is locked. Unlock it with your key? [ynq] (q) y You succeed in unlocking the door. The Uruk-hai opens a door. The Uruk-hai zaps a zinc wand! The wand hits the Uruk-hai! The Uruk-hai is killed! The wand hits the Uruk-hai! You kill the Uruk-hai! The Uruk-hai picks up an orcish helm. You miss the Uruk-hai. The Uruk-hai hits! The Uruk-hai zaps a wand of striking! The wand hits the Uruk-hai! The Uruk-hai is killed! Splat! The Uruk-hai picks up 10 gold pieces. You have a little trouble lifting $ - 17 gold pieces. There is an open door here. There are several more objects here. The pony misses! The pony misses! The Uruk-hai hits! You hit the Uruk-hai. The Uruk-hai zaps a wand of striking! The wand hits you! You hit the Uruk-hai. The Uruk-hai zaps a wand of striking! The wand misses you. The Uruk-hai zaps a wand of striking! The wand hits you! You hear the howling of the CwnAnnwn... The Uruk-hai hits! Are you sure you want to pray? [yn] (n) y You begin praying to Lugh. The Uruk-hai zaps a wand of striking! The wand hits you! You die... Do you want your possessions identified? [ynq] (y) y Do you want to see your attributes? [ynq] (y) y Do you want an account of creatures vanquished? [ynaq] (y) y Do you want to see your conduct and achievements? [ynq] (y) y Do you want to see the dungeon overview? [ynq] (y) y Inventory: Coins $ - 17 gold pieces Weapons a - an uncursed +1 long sword (weapon in left hand) b - an uncursed +1 lance (alternate weapon; not wielded) Armor d - an uncursed +0 helmet (being worn) f - an uncursed +0 pair of leather gloves (being worn) k - an uncursed +0 small shield (being worn) I - a blessed +0 alchemy smock with text "Kiss the cook" (being worn) s - a blessed +2 Hawaiian shirt with a parrot motif (being worn) c - an uncursed +1 ring mail (being worn) Comestibles C - an uncursed holy hand grenade g - 11 uncursed apples h - 12 uncursed carrots F - an uncursed cram ration q - 3 uncursed food rations Rings i - an uncursed ring of shock resistance Wands t - a blessed wand of make invisible (0:5) H - an uncursed wand of make invisible (0:8) u - an uncursed wand of slow monster (0:3) Tools w - an uncursed bag of holding containing 10 items v - an uncursed magic lamp (lit) e - an uncursed skeleton key Contents of the bag of holding: 368 gold pieces an uncursed scroll of amnesia an uncursed scroll of enchant armor a cursed scroll of gold detection an uncursed scroll of teleportation an uncursed potion of enlightenment 2 uncursed potions of healing a blessed potion of monster detection an uncursed potion of oil an uncursed potion of speed Elenmirie the Knight's attributes: Background: You were an Esquire, a level 5 female human Knight. You were lawful, on a mission for Lugh who was opposed by Brigit (neutral) and Manannan Mac Lir (chaotic). You were left-handed. You were in the Dungeons of Doom, on level 6. You entered the dungeon 3543 turns ago. You had 220 experience points, 100 more were needed to attain level 6. Basics: You had 0 out of 44 hit points. You had all 34 energy points (spell power). Your armor class was 0. Your wallet contained 17 zorkmids, and you had 368 more stashed away in your pack. Autopickup was on for '$' plus thrown. Final Characteristics: Your strength was 14 (limit:18/100). Your dexterity was 9 (limit:18). Your constitution was 12 (limit:18). Your intelligence was 8 (limit:18). Your wisdom was 18 (limit:18). Your charisma was 18 (limit:18). Final Status: You weren't hungry. You were burdened; movement was slightly slowed. You were wielding a long sword. You were skilled in long sword. Final Attributes: You were piously aligned. You were poison resistant. You were acid resistant. Your items were protected from acid. You could jump. You were warded. You were unlucky. You are dead. Miscellaneous: You encountered 1 bones level. Total elapsed playing time was 47 minutes and 41 seconds. Major events: Turn 1: elenmirie the lawful female human Knight entered the dungeon 1846: attained the rank of Esquire (level 3) 3324: entered the Gnomish Mines 3543: killed by a wand, while praying Vanquished creatures: 3 Uruk-hai a rock piercer a fog cloud a gnomish wizard 2 giant ants a floating eye a kitten a dwarf 5 hill orcs a centipede an acid blob a coyote a gas spore a hobbit 3 manes a hobgoblin 4 giant rats a yellow mold 4 geckos 6 jackals a fox 3 goblins 3 grid bugs 4 lichens 3 kobold zombies 7 newts 61 creatures vanquished. No species were genocided or became extinct. Voluntary challenges: You read items or engraved 6 times. You never engraved Elbereth. You never genocided any monsters. You never polymorphed an object. You never changed form. You used no wishes. Achievements: You entered a shop. You attained the rank of Esquire. You entered the Gnomish Mines. The Dungeons of Doom: levels 1 to 6 Level 1: A fountain. Level 2: Level 3: Level 4: An altar. Stairs down to The Gnomish Mines. Level 5: Level 6: <- You were here. A fountain, a grave. Final resting place for you, killed by a wand, while praying. The Gnomish Mines: Level 5: Final resting place for eraserhead97-Hea-Gno-Fem-Neu, killed by a giant ant. Game over: ---------- / \ / REST \ / IN \ / PEACE \ / \ | elenmirie | | 385 Au | | killed by a wand | | | | | | | | 2024 | *| * * * | * _________)/\\_//(\/(/\)/\//\/|_)_______ Fare thee well elenmirie the Knight... You died in The Dungeons of Doom on dungeon level 6 with 1477 points, and 385 pieces of gold, after 3543 moves. You were level 5 with a maximum of 44 hit points when you died.